 Dungeon Crawl Stone Soup version 0.17-a0-1738-g82cdc46 (webtiles) character file.

64 kae the Insei (level 3, 0/29 HPs)
             Began as a Demonspawn Monk on Aug 30, 2015.
             Slain by an orc (4 damage)
             ... on level 3 of the Dungeon.
             The game lasted 00:02:03 (2350 turns).

kae the Insei (Demonspawn Monk)                     Turns: 2350, Time: 00:02:03

Health: 0/29       AC:  2    Str:  9 (11) XL:     3   Next: 91%
Magic:  3/3        EV: 13    Int: 11      God:
Gold:   124        SH:  0    Dex: 16      Spells: 0 memorised, 2 levels left

rFire  . . .     SeeInvis .       - Unarmed
rCold  . . .     Clarity  .     k - +0 robe {rN+}
rNeg   + . .     SustAt   .     (no shield)
rPois  .         Gourm    .     (helmet restricted)
rElec  .         Spirit   .     (no cloak)
rCorr  .         Warding  .     (no gloves)
rMut   .         Stasis   .     (no boots)
MR     .....                    (no amulet)
Stlth  ++........               (no ring)
                                (no ring)

@: not resistant to hostile enchantments, unstealthy
A: antennae 1, claws 1
a: no special abilities


You were on level 3 of the Dungeon.
You were not hungry.

You visited 1 branch of the dungeon, and saw 3 of its levels.

You collected 124 gold pieces.

Inventory:

Armour
 a - a +0 robe
 k - a +0 robe of positive energy (worn)
Scrolls
 c - a scroll of teleportation {unknown}
 g - a scroll of enchant armour {unknown}
 h - a scroll of noise {unknown}
 i - a scroll of enchant weapon
 j - a scroll of remove curse {unknown}
Comestibles
 b - a bread ration


   Skills:
 - Level 3.0 Fighting
 - Level 2.6 Dodging
 - Level 1.7 Stealth
 + Level 5.0 Unarmed Combat


You had 2 spell levels left.
You didn't know any spells.

Dungeon Overview and Level Annotations

Branches:
Dungeon (3/15)

Altars:
Dithmenos
Gozag
Nemelex Xobeh
Ru
Xom
Yredelemnul


Innate Abilities, Weirdness & Mutations

You have a pair of small antennae on your head.
You have sharp fingernails.


Message History

You are too injured to fight recklessly!
You are too injured to fight recklessly!
You are too injured to fight recklessly!
You are too injured to fight recklessly!
You are too injured to fight recklessly!
You scratch the orc.
The orc is heavily wounded.
The orc misses you.
You scratch the orc but do no damage.
The orc is heavily wounded.
The orc hits you.
* * * LOW HITPOINT WARNING * * *
You closely miss the orc.
The orc is heavily wounded.
The orc hits you.
* * * LOW HITPOINT WARNING * * *
You completely miss the orc. Your claw misses the orc.
The orc is heavily wounded.
The orc hits you.
You die...

.......# #.# ##......####
.......# #.# #.......#...
.......# #.# #.......#...
.......# #.# #.......#..<
.......# #.# #.......#...
.......###.# #.o.....#...
.......'...# #.......#...
......)################'####.###+
................@oo..........>#
..............########..####...
##########.##.# #..# # #.##.#
#..# # #.##†## #..# # #÷##..#
#..# # #.###.# ...# #
########'###.# .... #
#......((..#.# #...#####


You could see 2 orcs.

Vanquished Creatures
  An adder (D:2)
  An ooze (D:2)
  A worm (D:2)
  A giant gecko (D:2)
  6 orcs (D:3)
  A ball python (D:2)
  8 bats
  6 hobgoblins
  5 kobolds
  2 quokkas (D:3)
  5 giant newts
  3 goblins (D:1)
  4 rats
44 creatures vanquished.

Notes
Turn   | Place    | Note
--------------------------------------------------------------
     0 | D:1      | kae the Demonspawn Monk began the quest for the Orb.
     0 | D:1      | Reached XP level 1. HP: 18/18 MP: 1/1
   337 | D:1      | Reached skill level 4 in Unarmed Combat
   666 | D:1      | Gained mutation: You have sharp fingernails. [demonic ancestry]
   666 | D:1      | Reached XP level 2. HP: 24/24 MP: 2/2
   837 | D:2      | Found an opulent altar of Gozag.
   837 | D:2      | Found a sparkling altar of Nemelex Xobeh.
   954 | D:2      | Found a shadowy altar of Dithmenos.
   969 | D:2      | Gained mutation: You have a pair of small antennae on your head. [demonic ancestry]
   969 | D:2      | Reached XP level 3. HP: 27/29 MP: 3/3
  2121 | D:3      | Found a sacrificial altar of Ru.
  2121 | D:3      | Found a basalt altar of Yredelemnul.
  2123 | D:3      | Found a shimmering altar of Xom.
  2146 | D:3      | Reached skill level 5 in Unarmed Combat
  2350 | D:3      | Slain by an orc

Vault maps used:
D:1:      minmay_arrival_open_corners, minmay_misc_feat_secret_circle
D:2:      grunt_temple_overflow_opulence,
          nicolae_dithmenos_through_a_glass_darkly
D:3:      grunt_temple_overflow_order_and_chaos_2,
          nicolae_overflow_quartered_altars, first_bread

Action                   || total
-------------------------++-------
Melee: Unarmed           ||   125
  Use: Scroll            ||     1
       Potion            ||     5
 Stab: Sleeping          ||     5
  Eat: Chunk             ||     4
